 Dungeon Crawl Stone Soup version 0.26-b1-45-g23770d1d51 (webtiles) character file.

Game seed: 11204766102885230280

5 EnegeticOcto the Skirmisher (level 1, 20/20 HPs)
             Began as a Minotaur Fighter on Jan 6, 2021.
             Quit the game on level 2 of the Dungeon.
             The game lasted 00:00:11 (130 turns).

EnegeticOcto the Skirmisher (Minotaur Fighter)       Turns: 130, Time: 00:00:11

Health: 20/20      AC:  7    Str: 20    XL:     1   Next: 66%
Magic:  0/0        EV:  7    Int:  5    God:
Gold:   21         SH:  9    Dex:  9    Spells: 0/0 levels left

rFire    . . .     SeeInvis .   a - +0 war axe
rCold    . . .     Faith    .   c - +0 kite shield
rNeg     . . .     Spirit   .   b - +0 scale mail
rPois    .         Reflect  .   (helmet restricted)
rElec    .         Harm     .   (no cloak)
rCorr    .         Rampage  .   (no gloves)
Will     .....                  (no boots)
Stlth    ..........             e - amulet of inaccuracy (curse)
HPRegen  0.06/turn              (no ring)
MPRegen  0.07/turn              (no ring)

@: no status effects
A: retaliatory headbutt, horns 2
a: no special abilities


You were on level 2 of the Dungeon.
You visited 1 branch of the dungeon, and saw 2 of its levels.

You collected 21 gold pieces.

Inventory:

Hand Weapons
 a - a +0 war axe (weapon)
Armour
 b - a +0 scale mail (worn)
 c - a +0 kite shield (worn)
Jewellery
 e - a cursed amulet of inaccuracy (around neck)
Wands
 f - a wand of digging (4) {@v3}
Potions
 d - a potion of might {@q3}


   Skills:
 + Level 3.7 Fighting
 * Level 2.7 Axes
 + Level 3.7 Armour
 + Level 3.7 Shields


You couldn't memorise any spells.
You didn't know any spells.
Your spell library was empty.

Dungeon Overview and Level Annotations

Branches:
Dungeon (2/15)

Altars:


Innate Abilities, Weirdness & Mutations

You reflexively headbutt those who attack you in melee.
You have a pair of horns on your head.


Message History

A kobold comes into view. It is wielding a +0 club.
The kobold shouts!
A kobold is nearby!
A kobold is nearby!
A kobold is nearby!
The kobold hits you but does no damage.
You closely miss the kobold. You headbutt the kobold.
You kill the kobold!
No target in view!
No target in view!
No target in view!
No target in view!
No target in view!
No target in view!
No target in view!
No target in view!
No target in view!
No target in view!
(D) Dungeon
Where to? (? - help)
There is a stone staircase leading down here.
You climb downwards. 2 goblins come into view.
The goblin shouts! x2
Found 13 gold pieces, a spear, a hunting sling and a gold wand.
There is a stone staircase leading up here.
There are monsters nearby!
There are monsters nearby!
There are monsters nearby!
Found a glowing scimitar and 10 bolts.
Found 8 gold pieces.
You block the goblin's attack.
Found a square filigree amulet.
You slash the goblin!
You kill the goblin!
You closely miss the goblin. The goblin hits you but does no damage.
You completely miss the goblin. The goblin hits you but does no damage.
You block the goblin's attack.
You closely miss the goblin. The goblin closely misses you.
Your shield prevents you from hitting the goblin.
You block the goblin's attack. The goblin hits you.
You slash the goblin!
You kill the goblin!
No target in view!
No target in view!
No target in view!
No target in view!
A rat comes into view.
A rat is nearby!
A rat is nearby!
You see here a goblin corpse.
The rat barely misses you.
You slash the rat!
You kill the rat!
No target in view!
No target in view!
No target in view!
No target in view!
No target in view!
HP restored.
You now have 13 gold pieces.
Found a kite shield.
e - a square filigree amulet
Things that are here:
a +0 dagger; a goblin corpse You see here a spear.
f - a wand of digging (4) {@v3} No target in view!
No target in view!
No target in view!
No target in view!
No target in view!
No target in view!
No target in view!
No target in view!
No target in view!
No target in view!
No target in view!
No target in view!
No target in view!
No target in view!
No target in view!
Found a glowing hunting sling.
No target in view!
No target in view!
No target in view!
No target in view!
No target in view!
No target in view!
No target in view!
No target in view!
You now have 21 gold pieces (gained 8).
There is a shaft here.
Found a stone staircase leading down.
You start putting on your amulet.
You continue putting on your square filigree amulet. x5
You finish putting on your cursed amulet of inaccuracy.
Oops, that amulet feels deathly cold.
e - a cursed amulet of inaccuracy (around neck) Are you sure you want to abandon this character and quit the game? (Confirm with "yes".)

#. #.# #.# ## #.# #. #
#.# #. ..# #.#
#>###...#
##.######@..#..#
#.......^...#..#
#..########.#.(#
#..#######....)#
#..##......#†..#
.####..#....)#...#.#
................†.#.###
#.####.....)..........#
).....#....##..<#.#.#


There were no monsters in sight!

Vanquished Creatures
  2 goblins (D:2)
  2 kobolds (D:1)
  A rat (D:2)
5 creatures vanquished.

Notes
Turn   | Place    | Note
-------+----------+-------------------------------------------
     0 | D:1      | EnegeticOcto the Minotaur Fighter began the quest for the
                  | Orb.
     0 | D:1      | Reached XP level 1. HP: 19/19 MP: 0/0
   130 | D:2      | Quit the game

Illustrated notes

Levels and vault maps discovered:
D:1:      amcnicky_arrival_blooded_trapdoor, layout_loops_corners,
          serial_rivers, chequers_serial_rivers_small_3,
          chequers_serial_rivers_micro_b, chequers_serial_rivers_room_b,
          chequers_serial_rivers_micro_e, chequers_serial_rivers_micro_d
D:2:      layout_loops_ring, nicolae_ru_the_path_less_chosen

Action                   || total
-------------------------++-------
Melee: War axe           ||     9
       Headbutt          ||     1
Armor: Scale mail        ||     3
Dodge: Dodged            ||     2
Block: Kite shield       ||     3
